 Dungeon Crawl Stone Soup version 0.27-a0-1565-gad902ab807 (webtiles) character file.

Game seed: 7343923300529409828

4529 snetch the Thaumaturge (level 10, 0/64 HPs)
             Began as a Djinni Fire Elementalist on July 16, 2021.
             Was an Elder of Zin.
             Slain by a wraith (7 damage)
             ... on level 8 of the Dungeon.
             The game lasted 00:37:39 (12931 turns).

snetch the Thaumaturge (Djinni Fire Elementalist)  Turns: 12931, Time: 00:37:41

Health: 0/64       AC:  8    Str: 19    XL:     10   Next: 66%
Gold:   257        EV: 12    Int: 20    God:    Zin [****..] SH:  0 Dex: 14

rFire    + + +     SeeInvis .   g - +3 battleaxe
rCold    . . .     Faith    +   (shield currently unavailable)
rNeg     + . .     Spirit   .   I - +0 ring mail
rPois    ∞         Reflect  .   x - -2 hat of the Alchemist {rElec rPois rF+ rC+ rN+ Will+ rMut rCorr}
rElec    +         Harm     .   G - +2 cloak
rCorr    +         Rampage  .   M - +0 pair of gloves
rMut     +                      (boots unavailable)
Will     ++...                  D - amulet of faith
Stlth    ++........             e - +6 ring of strength
HPRegen  0.20/turn              y - +6 ring of strength
MPRegen  0.00/turn

@: on recite cooldown, flying
A: sickness immunity, fire resistance 2, cold vulnerability 1, float, innate
caster, hp casting, extra vitality 1
a: Renounce Religion, Recite, Vitalisation, Imprison, Donate Gold


You were on level 8 of the Dungeon.
You worshipped Zin.
Zin was greatly pleased with you.
You visited 2 branches of the dungeon, and saw 9 of its levels.
You also visited: Sewer.

You collected 368 gold pieces.
You donated 111 gold pieces to Zin.

Inventory:

Hand Weapons
 a - a +3 hand axe
 g - a +3 battleaxe (weapon)
 j - a +0 quarterstaff
 q - a +2 dagger of electrocution
 z - a +0 trident
 A - a +0 quarterstaff
 U - a +5 dire flail
 W - a +4 scimitar of freezing
 X - a +3 trident
Missiles
 b - 139 stones
 d - 6 boomerangs
 h - 64 bolts
 i - 47 arrows
 p - 13 poisoned darts
 r - a curare-tipped dart
 C - 7 silver boomerangs
 J - 23 sling bullets
 K - 4 javelins
Armour
 c - a +0 scale mail
 x - the -2 hat of the Alchemist (worn) {rElec rPois rF+ rC+ rN+ Will+ rMut rCorr}
   (You acquired it on level 5 of the Dungeon)

   rF:        It protects you from fire.
   rC:        It protects you from cold.
   rElec:     It insulates you from electricity.
   rPois:     It protects you from poison.
   rN:        It protects you from negative energy.
   rCorr:     It protects you from acid and corrosion.
   rMut:      It protects you from mutation.
   Will:      It increases your willpower.
 B - a +0 chain mail
 G - a +2 cloak (worn)
 H - a +0 leather armour
 I - a +0 ring mail (worn)
 M - a +0 pair of gloves (worn)
 N - a +0 plate armour
 T - a +1 robe of willpower
Jewellery
 e - a +6 ring of strength (left hand)
 y - a +6 ring of strength (right hand)
 D - an amulet of faith (around neck)
 F - an amulet of the acrobat
 P - the ring of Amorality {rF- rC- rCorr AC+4 Int+8}
   (You found it on level 6 of the Dungeon)

   [ring of protection]

   AC:        It affects your AC (+4).
   Int:       It affects your intelligence (+8).
   rF:        It makes you vulnerable to fire.
   rC:        It makes you vulnerable to cold.
   rCorr:     It protects you from acid and corrosion.
Wands
 w - a wand of mindburst (13)
Scrolls
 f - 6 scrolls of teleportation {unknown}
 k - 3 scrolls of summoning
 m - 2 scrolls of enchant armour
 o - 3 scrolls of blinking {unknown}
 u - 2 scrolls of fear
 v - 4 scrolls of fog {unknown}
 E - 5 scrolls of noise {unknown}
 L - a scroll of vulnerability
Potions
 l - a potion of invisibility
 n - a potion of cancellation
 s - 2 potions of might {unknown}
 t - 3 potions of haste {unknown}
 O - 2 potions of curing
 Q - 2 potions of ambrosia {unknown}
 R - a potion of berserk rage
 S - a potion of attraction {unknown}
 V - a potion of magic {unknown}


   Skills:
 + Level 2.1 Fighting
 + Level 6.0 Armour
 + Level 4.6 Dodging
 + Level 5.0 Stealth
 + Level 8.9 Spellcasting
 + Level 3.6 Invocations


You had one spell level left.
You knew the following spells:

 Your Spells              Type           Power      Damage    Failure   Level
a - Foxfire               Conj/Fire      100%       2x1d9     1%          1
b - Conjure Flame         Conj/Fire      44%        6-21      1%          3
c - Inner Flame           Hex/Fire       44%        N/A       1%          3
d - Sticky Flame          Conj/Fire      44%        2d6       3%          4
e - Fireball              Conj/Fire      22%        3d10      9%          5
f - Magic Dart            Conj           100%       1d8       1%          1
g - Ensorcelled Hibernat  Hex/Ice        88%        N/A       1%          2
h - Blink                 Tloc           N/A        N/A       1%          2
i - Dispel Undead         Necr           44%        3d17      3%          4
Your spell library was empty.

Dungeon Overview and Level Annotations

Branches:
Dungeon (8/15)             Temple (1/1) D:5           Sewer (visited)
   Lair: D:8-11

Altars:
Ashenzari
Cheibriados
Dithmenos
Elyvilon
Fedhas
Gozag
Hepliaklqana
Kikubaaqudgha
Makhleb
Nemelex Xobeh
Okawaru
Qazlal
Ru
Sif Muna
Trog
Uskayaw
Vehumet
Wu Jian
Xom
Yredelemnul
Zin
The Shining One

Shops:
D:1 *   D:8 [

Annotations:
D:3 gold behind grate


Innate Abilities, Weirdness & Mutations

You are immune to sickness and miasma.
You are immune to poison.
Your flesh is very heat resistant. (rF++)
You are vulnerable to cold. (rC-)
You float through the air rather than walking.
You learn spells naturally, not from books.
Your magical power is your life essence.
You have superior vitality. (+4 HP)


Message History

You hear a bellow!
You are too injured to fight recklessly!
Casting: Foxfire (safe; 1% risk of failure)
Press: ? - help, Q - select action, (/) - cycle Dir - look around, f - activate You conjure some foxfire!
* * * LOW HITPOINT WARNING * * *
"...for that is the word of Zin, and Zin's word is law."
You finish reciting Apostates 27:51. "Amen!"
A yak comes into view.
You slash the wraith!
The wraith is moderately damaged.
The foxfire hits the wraith but does no damage.
The wraith is moderately damaged.
The wraith hits you.
* * * LOW HITPOINT WARNING * * *
A yak comes into view.
The wraith closely misses you.
Casting: Foxfire (safe; 1% risk of failure)
Confirm with . or Enter, or press ? or * to list all spells.
You blink. 2 yaks and a wraith come into view.
* * * LOW HITPOINT WARNING * * *
The foxfire hits the wraith but does no damage.
The wraith is moderately damaged.
The yak gores you.
* * * LOW HITPOINT WARNING * * *
The yak barely misses you.
Casting: Blink (safe; 1% risk of failure)
Confirm with . or Enter, or press ? or * to list all spells.
You blink.
* * * LOW HITPOINT WARNING * * *
The wraith barely misses you.
Unknown command.
Casting: Blink (safe; 1% risk of failure)
Confirm with . or Enter, or press ? or * to list all spells.
You blink.
* * * LOW HITPOINT WARNING * * *
A skeletal warrior comes into view.
It is wielding a +0 short sword of speed.
The wraith hits you!
You die...

####... ##Y.Y....
#.W.Y.... .
#.###.### #.# #Y#
#.#### #Y# #.....
##.# #..... #WW##
#..... #.@#.##
#..... #..##.# .#
#..... #...#.##.#
#..... #..#z#W.#
#.###. #..#..#..#
#.# ##
.#..##########.#
#
.#.............#
#######...<######
##...#


You could see a skeletal warrior, 3 yaks and 3 wraiths.

Vanquished Creatures
  A two-headed ogre (D:8)
  Pikel (D:6)
  A centaur zombie (D:7)
  2 water moccasins
  An orc warrior (D:6)
  2 ice beasts
  A hornet zombie (D:5)
  A necrophage (D:7)
  3 ogres
  A centaur (D:8)
  3 kobold brigands (Sewer)
  3 bullfrogs
  A gnoll sergeant (D:8)
  5 scorpions
  2 water moccasin skeletons
  7 wights
  6 hounds
  2 centaur skeletons
  6 orc priests
  A bullfrog zombie (D:6)
  A jelly (D:6)
  A gnoll shaman (D:8)
  2 iguanas
  5 orc wizards
  13 adders
  8 gnolls (D:8)
  2 ufetubi
  2 adder skeletons (D:4)
  5 worms
  2 dart slugs
  20 orcs
  8 endoplasms
  2 giant cockroaches (D:4)
  5 goblins
  7 hobgoblins
  4 jackals (D:1)
  3 quokkas (D:3)
  10 ball pythons
  7 bats
  3 frilled lizards
  12 kobolds
  5 rats
177 creatures vanquished.

Vanquished Creatures (others)
  687 foxfires
687 creatures vanquished.

Grand Total: 864 creatures vanquished

Notes
Turn   | Place    | Note
-------+----------+-------------------------------------------
     0 | D:1      | snetch the Djinni Fire Elementalist began the quest for the
                  | Orb.
     0 | D:1      | Reached XP level 1. HP: 15/15 MP: 0/0
   126 | D:1      | Found Megag's Assorted Antiques.
   295 | D:1      | Reached XP level 2. HP: 17/21 MP: 0/0
   832 | D:1      | Reached skill level 3 in Spellcasting
   832 | D:1      | Reached XP level 3. HP: 23/25 MP: 0/0
   832 | D:1      | Learned a level 1 spell: Magic Dart
  1553 | D:2      | You are sucked into a shaft and drop 2 floors!
  1589 | D:4      | Noticed an ice beast
  1598 | D:4      | Killed an ice beast
  1599 | D:4      | Reached XP level 4. HP: 21/31 MP: 0/0
  1599 | D:4      | Reached XP level 5. HP: 24/35 MP: 0/0
  1599 | D:4      | Learned a level 2 spell: Ensorcelled Hibernation
  1619 | D:4      | Found a sparkling altar of Nemelex Xobeh.
  1626 | D:4      | Reached skill level 4 in Spellcasting
  1679 | D:4      | Found a glowing drain.
  1693 | D:4      | Reached XP level 6. HP: 27/40 MP: 0/0
  1703 | Sewer    | Entered a sewer
  2114 | Sewer    | Reached skill level 5 in Spellcasting
  2114 | Sewer    | Reached XP level 7. HP: 41/45 MP: 0/0
  2114 | Sewer    | Learned a level 2 spell: Blink
  2733 | D:4      | Found a sparkling altar of Nemelex Xobeh.
  2784 | D:3      | Found a glowing silver altar of Zin.
  2967 | D:3      | Found a faded altar of an unknown god.
  2983 | D:3      | Became a worshipper of Zin the Law-Giver
  2983 | D:3      | Reached * piety under Zin
  3164 | D:3      | Reached ** piety under Zin
  3185 | D:2      | Found a sacrificial altar of Ru.
  5345 | D:3      | Donated 75 gold pieces to Zin
  5689 | D:4      | Reached skill level 6 in Spellcasting
  5721 | D:4      | Reached XP level 8. HP: 47/50 MP: 0/0
  6052 | D:4      | Reached skill level 1 in Armour
  6504 | D:5      | Entered Level 5 of the Dungeon
  6816 | D:5      | Found an ornate altar of the Wu Jian Council.
  6830 | D:5      | Found a snail-covered altar of Cheibriados.
  6830 | D:5      | Found a white marble altar of Elyvilon.
  7219 | D:5      | Found a staircase to the Ecumenical Temple.
  7236 | D:5      | Reached *** piety under Zin
  7239 | Temple   | Entered the Ecumenical Temple
  7745 | D:5      | Identified a scroll of acquirement
  7746 | D:5      | Acquired the -2 hat of the Alchemist {rElec rPois rF+ rC+
                  | rN+ Will+ rMut rCorr}
  7747 | D:5      | Found the -2 hat of the Alchemist {rElec rPois rF+ rC+ rN+
                  | Will+ rMut rCorr}
  8724 | D:6      | Reached skill level 7 in Spellcasting
  8724 | D:6      | Reached skill level 1 in Invocations
  8724 | D:6      | Reached XP level 9. HP: 14/56 MP: 0/0
  8724 | D:6      | Learned a level 4 spell: Dispel Undead
  9498 | D:6      | Reached skill level 1 in Fighting
  9748 | D:6      | Identified the ring of Amorality {rF- rC- rCorr AC+4 Int+8}
  9960 | D:7      | Noticed Pikel
 10187 | D:6      | Killed Pikel
 10188 | D:6      | Reached skill level 5 in Armour
 10188 | D:6      | Reached skill level 8 in Spellcasting
 10188 | D:6      | Reached XP level 10. HP: 20/63 MP: 0/0
 10759 | D:7      | Reached **** piety under Zin
 11396 | D:7      | Found a glowing golden altar of the Shining One.
 11670 | D:8      | Found a shimmering altar of Xom.
 11795 | D:8      | Noticed a two-headed ogre
 11799 | D:8      | Killed a two-headed ogre
 12128 | D:8      | Found Duthrah's Armour Shoppe.
 12623 | D:8      | Reached skill level 5 in Stealth
 12931 | D:8      | Noticed a skeletal warrior
 12931 | D:8      | Slain by a wraith

Illustrated notes

Levels and vault maps discovered:
D:1:      sevenhm_arrival_forest_fort_large_4, layout_basic, serial_shops,
          nicolae_shop_trees, minmay_pentomino_z2
D:2:      layout_basic, basic_altar, minmay_tall_x
D:3:      layout_basic, zin_treasury, serial_corexii_hall,
          corexii_hall_statues_l, corexii_hall_statues_i,
          corexii_hall_statues_s, chequers_hall_statues_corner_a,
          basic_ecumenical_altar
D:4:      wander_river, layout_basic, nemelex_spade_bored_becter,
          portal_sewer_entry_a, kennysheep_flooded_box
D:5:      layout_basic, nicolae_overflow_quartered_altars,
          minmay_temple_entry_offerings
D:6:      layout_loops_cross
D:7:      layout_basic, lemuel_doored_altar, interstate_on_off, uniq_pikel
D:8:      layout_layer_cave, mainiacjoe_overflow_tiny_flanked, serial_shops,
          shop, minmay_crystal_water, minmay_guarded_unrand_finisher
Temple:   eino_narrow_crystal_temple

Skill      XL: |  1  2  3  4  5  6  7  8  9 10 |
---------------+-------------------------------+-----
Spellcasting   | 3 4 5 6 7 8 |  8.9
Stealth        | 2 3 4 5 |  5.0
Dodging        | 3 4 |  4.6
Armour         | 3 5 6 |  6.0
Invocations    | 1 2 3 |  3.6
Fighting       | 1 2 |  2.1

Action                   |  1- 3 |  4- 6 |  7- 9 | 10-12 || total
-------------------------+-------+-------+-------+-------++-------
Melee: Hand axe          |       |       |    25 |     1 ||    26
       Dagger            |       |       |       |    12 ||    12
       Scimitar          |       |       |       |     2 ||     2
       Battleaxe         |       |       |       |     2 ||     2
 Cast: Foxfire           |    63 |    49 |   247 |    59 ||   418
       Magic Dart        |     1 |       |       |       ||     1
       Blink             |       |       |     2 |     4 ||     6
       Sticky Flame      |       |       |    19 |    14 ||    33
       Ensorcelled Hiber |       |       |     4 |       ||     4
       Fireball          |       |       |       |     6 ||     6
Invok: Recite            |       |       |     5 |     3 ||     8
       Donate Gold       |       |       |     1 |       ||     1
  Use: Scroll            |       |       |     7 |     4 ||    11
 Stab: Sleeping          |       |       |     2 |       ||     2
       Confused          |       |       |     1 |       ||     1
Armor: Ring mail         |       |       |    46 |     7 ||    53
       Leather armour    |       |       |     1 |       ||     1
Dodge: Dodged            |    10 |     2 |    61 |    24 ||    97

Table legend: (Time is in decaauts)
 A = Elapsed time spent in this place.
 B = Non-inter-level travel time spent in this place.
 C = Inter-level travel time spent in this place.
 D = Time resting spent in this place.
 E = Time spent auto-exploring this place.
 F = Levels seen in this place.
 G = Mean time per level.
                   A        B        C        D        E       F      G
               +--------+--------+--------+--------+--------+-----+--------+
         Total |  12965 |  11420 |   1545 |    574 |   9103 |  10 | 1296.5 |
       Dungeon |  11936 |  10403 |   1533 |    574 |   8251 |   8 | 1492.0 |
        Temple |    295 |    283 |     12 |      0 |    282 |   1 |  295.0 |
         Sewer |    733 |    733 |      0 |      0 |    570 |   1 |  733.0 |
               +--------+--------+--------+--------+--------+-----+--------+

Top non-repeatable levels by time:
     D:4: 1875 daAuts
     D:5: 1757 daAuts
     D:6: 1695 daAuts
     D:3: 1609 daAuts
     D:1: 1454 daAuts
     D:8: 1303 daAuts
     D:7: 1147 daAuts
     D:2: 1093 daAuts
   Sewer: 733 daAuts
  Temple: 295 daAuts
